 Dungeon Crawl Stone Soup version 0.20.1-1-g8b1a95d (webtiles) character file.

1516 Knicklaso the Slicer (level 9, 0/61 HPs)
             Began as a Halfling Fighter on Sept 4, 2017.
             Slain by Duvessa
             ... wielding a +0 rapier
              (11 damage)
             ... on level 7 of the Dungeon.
             The game lasted 00:13:53 (6053 turns).

Knicklaso the Slicer (Halfling Fighter)             Turns: 6053, Time: 00:13:54

Health: 0/61       AC:  7    Str: 20    XL:     9   Next: 9%
Magic:  9/9        EV:  9    Int:  6    God:
Gold:   218        SH: 10    Dex: 14    Spells: 8/8 levels left

rFire    . . .     SeeInvis .   A - +2 dagger (venom)
rCold    . . .     Gourm    .   c - +0 shield
rNeg     . . .     Faith    .   D - +0 scale mail (curse)
rPois    +         Spirit   .   (no helmet)
rElec    .         Reflect  .   (no cloak)
rCorr    .         Harm     .   (no gloves)
MR       .....                  (no boots)
Stlth    ..........             E - amulet of regeneration
Regen    0.6/turn               C - ring of poison resistance
MPRegen  0.2/turn               (no ring)

@: hasted, very quick
A: mutation resistance 1
a: no special abilities


You were on level 7 of the Dungeon.
You were hungry.

You visited 1 branch of the dungeon, and saw 7 of its levels.

You collected 218 gold pieces.

Inventory:

Hand Weapons
 a - a +0 rapier
 A - a +2 dagger of venom (weapon)
Missiles
 k - 131 stones (quivered)
 s - 3 throwing nets
Armour
 b - a +0 scale mail
 c - a +0 shield (worn)
 D - a cursed +0 scale mail (worn)
Jewellery
 C - a ring of poison resistance (left hand)
 E - an amulet of regeneration (around neck)
Wands
 i - a wand of random effects (23/48)
 p - a wand of confusion (21/48)
 q - a wand of flame (6/48)
Scrolls
 e - 9 scrolls of identify {unknown}
 g - 3 scrolls of remove curse {unknown}
 r - 3 scrolls of fog {unknown}
 w - a scroll of recharging {unknown}
 y - 2 scrolls of enchant weapon {unknown}
 B - a scroll of teleportation {unknown}
Potions
 d - a potion of might
 h - 2 potions of cancellation {unknown}
 j - 2 potions of degeneration
 l - a potion of haste
 n - 3 potions of lignification {unknown}
 o - 3 potions of mutation {unknown}
 t - 2 potions of heal wounds {unknown}
 u - a potion of resistance {unknown}
 v - a potion of berserk rage {unknown}
 x - a potion of ambrosia {unknown}
 z - a potion of flight {unknown}
Comestibles
 f - 4 bread rations
 m - 3 meat rations


   Skills:
 - Level 5.0 Fighting
 * Level 10.1 Short Blades
 - Level 5.0 Armour
 - Level 5.1 Shields


You had 8 spell levels left.
You didn't know any spells.

Dungeon Overview and Level Annotations

Branches:
Dungeon (7/15)
 Temple: D:4-7

Altars:
Trog

Annotations:
D:7 Dowan, Duvessa


Innate Abilities, Weirdness & Mutations

You are small and have problems with some larger weapons.
You are somewhat resistant to further mutation.


Message History

Duvessa is moderately wounded.
Something hits you but does no damage.
You closely miss Dowan.
Dowan points at Duvessa and mumbles some strange words.
Duvessa seems to speed up.
Duvessa hits you with a rapier!
You hit Dowan.
Dowan is poisoned.
Dowan is lightly wounded.
Something hits you but does no damage. You block Duvessa's attack.
You completely miss Duvessa.
Duvessa is moderately wounded.
Dowan gestures at you while chanting. The puff of frost hits you!
You hit Duvessa.
Duvessa looks as sick as possible!
Duvessa is moderately wounded.
Duvessa hits you with a rapier. Something hits you.
* * * LOW HITPOINT WARNING * * *
Something shocks you.
* * * LOW HITPOINT WARNING * * *
You feel yourself speed up. Duvessa hits you with a rapier!
You die...

#.......# #.......#
#.......# #.......#
#.......# #.......# .
###...e...### ...
#######.†..@e...... ...
#.................. ...#
#>.................
##.###.#######.########.
.......# #... ......##
#..## ......# ...#
......#######....
......##.......##


You could see Duvessa and Dowan.

Vanquished Creatures
  Prince Ribbit (D:7)
  Grinder (D:3)
  Sigmund (D:3)
  An ice beast (D:6)
  A phantom (D:4)
  A centaur (D:6)
  A bullfrog (D:6)
  A scorpion (D:5)
  A howler monkey (D:4)
  A crimson imp (D:5)
  A bullfrog zombie (D:6)
  An orc priest (D:5)
  3 hounds
  3 iguanas
  3 worker ants
  A killer bee zombie (D:6)
  6 adders
  3 gnolls (D:3)
  An ooze (D:1)
  2 worms
  4 dart slugs
  5 leopard geckos
  6 orcs
  A ball python (D:1)
  5 giant cockroaches
  11 goblins
  11 hobgoblins
  10 jackals
  2 quokkas
  4 bats
  3 frilled lizards
  9 kobolds
  2 leopard gecko skeletons (D:4)
  6 rats
113 creatures vanquished.

Notes
Turn   | Place    | Note
-------+----------+-------------------------------------------
     0 | D:1      | Knicklaso the Halfling Fighter began the quest for the Orb.
     0 | D:1      | Reached XP level 1. HP: 15/15 MP: 1/1
    67 | D:1      | Reached XP level 2. HP: 20/20 MP: 2/2
   308 | D:1      | Reached skill level 3 in Short Blades
   326 | D:1      | Reached XP level 3. HP: 26/26 MP: 3/3
   952 | D:2      | Reached XP level 4. HP: 31/31 MP: 4/4
  1614 | D:2      | Reached XP level 5. HP: 32/36 MP: 5/5
  1775 | D:3      | Reached skill level 4 in Short Blades
  1981 | D:3      | Found a faded altar of an unknown god.
  2005 | D:3      | Noticed Grinder
  2028 | D:3      | Killed Grinder
  2028 | D:3      | Reached skill level 5 in Short Blades
  2028 | D:3      | Reached XP level 6. HP: 25/43 MP: 6/6
  2403 | D:3      | Noticed Sigmund
  2416 | D:3      | Killed Sigmund
  2416 | D:3      | Reached XP level 7. HP: 47/47 MP: 7/7
  2551 | D:4      | Reached skill level 6 in Short Blades
  2673 | D:4      | Reached skill level 5 in Shields
  2680 | D:4      | HP: 2/48 [phantom (6)]
  2964 | D:4      | Reached skill level 5 in Armour
  3281 | D:4      | Found a bloodstained altar of Trog.
  3515 | D:5      | Entered Level 5 of the Dungeon
  3638 | D:5      | Reached XP level 8. HP: 54/54 MP: 8/8
  3743 | D:5      | Reached skill level 7 in Short Blades
  4560 | D:6      | Reached skill level 8 in Short Blades
  4568 | D:6      | Reached skill level 5 in Fighting
  5163 | D:6      | Reached skill level 9 in Short Blades
  5653 | D:7      | Noticed Prince Ribbit
  5684 | D:7      | Killed Prince Ribbit
  5684 | D:7      | Reached XP level 9. HP: 10/61 MP: 9/9
  5988 | D:7      | Reached skill level 10 in Short Blades
  6030 | D:7      | Noticed Duvessa
  6037 | D:7      | Noticed Dowan
  6053 | D:7      | Slain by Duvessa

Skill      XL: |  1  2  3  4  5  6  7  8  9 |
---------------+----------------------------+-----
Short Blades   | 3 5 6 9 10 | 10.1
Fighting       | 3 4 5 |  5.0
Shields        | 4 5 |  5.1
Armour         | 4 5 |  5.0

Action                   |  1- 3 |  4- 6 |  7- 9 || total
-------------------------+-------+-------+-------++-------
Melee: Rapier            |    28 |       |    39 ||    67
       Dagger            |    63 |   119 |   376 ||   558
Throw: Stone             |       |       |     1 ||     1
Evoke: Wand              |       |     1 |     2 ||     3
  Use: Potion            |       |       |     3 ||     3
 Stab: Confused          |       |     1 |       ||     1
  Eat: Chunk             |       |     4 |     3 ||     7
       Bread ration      |       |       |     2 ||     2
Armor: Scale mail        |    30 |    42 |    82 ||   154
Dodge: Dodged            |    50 |    32 |    85 ||   167
Block: Shield            |    57 |    58 |   166 ||   281
